 Dungeon Crawl Stone Soup version 0.20.0-7-g3b7b877 (webtiles) character file.

288 Minion the Sneak (level 6, 0/41 HPs)
             Began as a Halfling Assassin on May 29, 2017.
             Was a Follower of the Shining One.
             Killed from afar by Dowan (4 damage)
             ... with a puff of flame
             ... on level 4 of the Dungeon.
             The game lasted 00:08:11 (2883 turns).

Minion the Sneak (Halfling Assassin)                Turns: 2883, Time: 00:08:11

Health: 0/41       AC: 12    Str: 12    XL:     6   Next: 57%
Magic:  6/6        EV: 12    Int:  9    God:    the Shining One [*.....]
Gold:   165        SH:  5    Dex: 18    Spells: 5/5 levels left

rFire    + . .     SeeInvis .   a - +2 dagger
rCold    + . .     Gourm    .   s - +0 buckler
rNeg     . . .     Faith    .   b - +0 scale mail (curse)
rPois    .         Spirit   .   (no helmet)
rElec    .         Reflect  .   f - scarf {rC+ rF+}
rCorr    .         Harm     .   (no gloves)
MR       .....                  (no boots)
Stlth    +.........             (no amulet)
Regen    0.2/turn               v - +6 ring of protection
MPRegen  0.1/turn               (no ring)

@: glowing
A: mutation resistance 1
a: Renounce Religion


You were on level 4 of the Dungeon.
You worshipped the Shining One.
The Shining One was aware of your devotion.
You were not hungry.

You visited 1 branch of the dungeon, and saw 4 of its levels.

You collected 165 gold pieces.

Inventory:

Hand Weapons
 a - a +2 dagger (weapon)
Armour
 b - a cursed +0 scale mail (worn)
 f - a scarf of resistance (worn)
 s - a +0 buckler (worn)
Jewellery
 v - a +6 ring of protection (left hand)
Scrolls
 c - a scroll of remove curse {unknown}
 d - a scroll of fog {unknown}
 e - 3 scrolls of identify {unknown}
 h - 2 scrolls of teleportation {unknown}
 l - a scroll of magic mapping {unknown}
 o - a scroll of blinking {unknown}
 p - a scroll of enchant armour {unknown}
Potions
 i - a potion of lignification {unknown}
 k - a potion of resistance {unknown}
 m - a potion of might {unknown}
 n - a potion of agility {unknown}
 q - a potion of degeneration {unknown}
 r - a potion of brilliance {unknown}
 w - a potion of invisibility {unknown}
 x - a potion of magic {unknown}
 A - a potion of heal wounds {unknown}
Comestibles
 g - 2 bread rations
 j - 2 meat rations
 u - a chunk of flesh
 z - a royal jelly


   Skills:
 + Level 2.5 Fighting
 + Level 4.6 Short Blades
 - Level 2.0 Throwing
 + Level 1.6 Armour
 + Level 3.5 Dodging
 - Level 5.0 Stealth
 + Level 1.6 Shields


You had 5 spell levels left.
You didn't know any spells.

Dungeon Overview and Level Annotations

Branches:
Dungeon (4/15)
 Temple: D:4-7

Altars:
Elyvilon
Gozag
Okawaru
Qazlal
Ru
Zin
The Shining One

Annotations:
D:2 1 runed door
D:4 Dowan


Innate Abilities, Weirdness & Mutations

You are small and have problems with some larger weapons.
You are somewhat resistant to further mutation.


Message History

The phantom is almost destroyed.
The phantom hits you.
* * * LOW HITPOINT WARNING * * *
You hit the phantom but do no damage.
The phantom is almost destroyed.
The phantom hits you.
* * * LOW HITPOINT WARNING * * *
The phantom blinks!
The phantom blinks!
The phantom blinks!
Found a scroll labeled TAXAENOJIU.
A worker ant comes into view.
The worker ant twitches its antennae in your direction.
The phantom blinks!
Found a stone staircase leading up.
Dowan, Brother of Duvessa comes into view.
He is wielding a dagger.
Dowan shouts!
Dowan points at you and mumbles some strange words.
The puff of flame hits you! You resist.
You die...

.#.....+...................?.
#...####
####....###...#.#..#. ..###
#...# #.......... ..
#...###...##.###. .#
#............... #
#...............
#...a...........
#.........###..#
###@#...........
#.<.............
#.......#.#### . #.........#
.#. ###.#+#.#.# ... ... .....
.#.#.# #.. ...## .#.#.## ..
#.. e# ..(... .....


You could see Dowan and a worker ant.

Vanquished Creatures
  Blork the orc (D:4)
  An orc wizard (D:3)
  8 adders
  3 oozes
  An adder skeleton (D:4)
  3 worms
  2 dart slugs
  A leopard gecko (D:1)
  10 orcs
  6 giant cockroaches
  10 goblins
  2 hobgoblins
  4 jackals (D:2)
  11 kobolds
  2 quokkas (D:2)
  9 bats
  2 frilled lizards (D:2)
  10 rats
86 creatures vanquished.

Notes
Turn   | Place    | Note
-------+----------+-------------------------------------------
     0 | D:1      | Minion the Halfling Assassin began the quest for the Orb.
     0 | D:1      | Reached XP level 1. HP: 14/14 MP: 1/1
    60 | D:1      | Reached XP level 2. HP: 19/19 MP: 2/2
   212 | D:1      | Found a glowing golden altar of the Shining One.
   220 | D:1      | Became a worshipper of the Shining One
   416 | D:1      | Reached XP level 3. HP: 24/24 MP: 3/3
   631 | D:2      | Reached skill level 5 in Stealth
   643 | D:2      | Reached XP level 4. HP: 17/29 MP: 4/4
  1189 | D:2      | Reached skill level 1 in Armour
  1189 | D:2      | Reached XP level 5. HP: 32/34 MP: 5/5
  1242 | D:2      | Found a sacrificial altar of Ru.
  1499 | D:2      | Found a runed door.
  1635 | D:3      | Found an iron altar of Okawaru.
  1638 | D:3      | Found a white marble altar of Elyvilon.
  1657 | D:3      | Found a stormy altar of Qazlal.
  1671 | D:3      | Found a glowing silver altar of Zin.
  2266 | D:3      | Found an opulent altar of Gozag.
  2495 | D:3      | Reached * piety under the Shining One
  2502 | D:3      | Reached skill level 1 in Shields
  2527 | D:3      | Reached XP level 6. HP: 28/39 MP: 6/6
  2641 | D:4      | Noticed Blork the orc
  2677 | D:4      | Killed Blork the orc
  2799 | D:4      | Noticed a phantom
  2865 | D:4      | HP: 2/41 [phantom (1)]
  2883 | D:4      | Noticed Dowan
  2883 | D:4      | Killed from afar by Dowan

Skill      XL: |  1  2  3  4  5 |
---------------+----------------+-----
Short Blades   | 3 4 |  4.6
Dodging        | 2 3 |  3.5
Stealth        | 5 |  5.0
Armour         | 1 |  1.6
Fighting       | 2 |  2.5
Shields        | 1 |  1.6
Throwing       | |  2.0

Action                   |  1- 3 |  4- 6 || total
-------------------------+-------+-------++-------
Melee: Dagger            |    85 |   360 ||   445
 Stab: Sleeping          |     3 |       ||     3
  Eat: Chunk             |       |     7 ||     7
Armor: Leather armour    |    18 |     7 ||    25
       Chain mail        |       |   105 ||   105
       Scale mail        |       |    10 ||    10
Dodge: Dodged            |    73 |   107 ||   180
Block: Buckler           |       |    54 ||    54
